 Dungeon Crawl Stone Soup version 0.19.1 (webtiles) character file.

120 lorenzova the Conjurer (level 4, -6/24 HPs)
             Began as a Deep Elf Conjurer on Dec 1, 2016.
             Killed from afar by lorenzova's ghost (10 damage)
             ... with an orb of energy
             ... on level 3 of the Dungeon.
             The game lasted 00:05:23 (3714 turns).

lorenzova the Conjurer (Deep Elf Conjurer)          Turns: 3714, Time: 00:05:23

Health: -6/24      AC:  2    Str:  5    XL:     4   Next: 75%
Magic:  9/13       EV: 13    Int: 21    God:
Gold:   121        SH:  0    Dex: 15    Spells: 2 memorised, 8 levels left

rFire  . . .     SeeInvis .     q - +0 dagger (drain)
rCold  . . .     Gourm    .     a - +0 robe
rNeg   . . .     Faith    .     (no shield)
rPois  .         Spirit   .     (no helmet)
rElec  .         Reflect  .     (no cloak)
rCorr  .         Harm     .     (no gloves)
MR     .....                    (no boots)
Stlth  ++........               (no amulet)
                                (no ring)
                                (no ring)

@: no status effects
A: no striking features
a: no special abilities


You were on level 3 of the Dungeon.
You were near starving.

You visited 1 branch of the dungeon, and saw 3 of its levels.

You collected 121 gold pieces.

Inventory:

Hand Weapons
 m - a +0 falchion
 q - a +0 dagger of draining (weapon)
Armour
 a - a +0 robe (worn)
Jewellery
 i - an uncursed ring of ice
Scrolls
 f - 8 scrolls of remove curse {unknown}
 h - a scroll of teleportation {unknown}
 l - 2 scrolls of identify {unknown}
 o - a scroll of fog {unknown}
 p - a scroll of noise {unknown}
 s - a scroll of fear {unknown}
Potions
 d - a potion of flight {unknown}
 e - 3 potions of heal wounds {unknown}
 g - a potion of degeneration {unknown}
 j - a potion of resistance {unknown}
 k - a potion of haste {unknown}
 n - a potion of berserk rage {unknown}
Books
 b - a book of Conjurations

   Spells                             Type                      Level
   a - Magic Dart                     Conjuration                  1
   b - Searing Ray                    Conjuration                  2
   c - Dazzling Spray                 Conjuration/Hexes            3
   d - Fulminant Prism                Conjuration/Hexes            4
   e - Iskenderun's Mystic Blast      Conjuration                  4
   f - Iskenderun's Battlesphere      Conjuration/Charms           5
Comestibles
 c - a bread ration
 r - a royal jelly


   Skills:
 - Level 2.4 Dodging
 - Level 2.4 Stealth
 + Level 5.3 Spellcasting
 + Level 5.6 Conjurations


You had 8 spell levels left.
You knew the following spells:

 Your Spells              Type           Power        Failure   Level  Hunger
a - Magic Dart            Conj           ####         1%          1    None
b - Iskenderun's Mystic   Conj           ####....     12%         4    ####...


Dungeon Overview and Level Annotations

Branches:
Dungeon (3/15)

Altars:

Annotations:
D:3 lorenzova's ghost, amateur DECj


Message History

HP restored.
You climb downwards.
Level annotation: lorenzova's ghost, amateur DECj
There is a stone staircase leading up here.
Casting: Iskenderun's Mystic Blast
Confirm with . or Enter, or press ? or * to list all spells.
Aiming: Iskenderun's Mystic Blast
Press: ? - help, Shift-Dir - straight line, f - lorenzova's ghost
Aim: lorenzova's ghost The orb of energy hits lorenzova's ghost.
Lorenzova's ghost is lightly damaged.
You are near starving!
Lorenzova's ghost points at you and mumbles some strange words.
The orb of energy hits you!
Ouch! That really hurt!
* * * LOW HITPOINT WARNING * * *
The orb of energy explodes!
Lorenzova's ghost points at you and mumbles some strange words.
The orb of energy hits you!
You die...

###.#.##..W............#
#.. ##.###.#######.###.###
#.# ### #.#
#.###.#####.#### #.#
#...#.##...)...##. #.#
#.....##.##......> #.#
#W..###...#.##[##. #.#
#.........#.......
#.#######.....#...#.##..#.
#........@.##.##.##.###.#.
###.#.#..#....##.##.###.#.
#.#.#..#..)....##.....[.
#.#.#..#.......######.##
#.#.#..........######.##
#......#.......##...†...
###.####.......##.###.#.
#.# #.......##.###.#.
###.# #.......##.##..#.


You could see lorenzova's ghost.

Vanquished Creatures
  Robin (D:2)
  2 adders (D:2)
  A worm (D:2)
  3 leopard geckos
  5 orcs (D:3)
  4 bats
  3 giant cockroaches
  22 goblins
  11 hobgoblins
  3 jackals (D:2)
  A quokka (D:3)
  2 frilled lizards
  8 kobolds
  4 rats
70 creatures vanquished.

Notes
Turn   | Place    | Note
-------+----------+-------------------------------------------
     0 | D:1      | lorenzova the Deep Elf Conjurer began the quest for the Orb.
     0 | D:1      | Reached XP level 1. HP: 10/10 MP: 6/6
   245 | D:1      | Reached XP level 2. HP: 15/15 MP: 0/8
  1567 | D:2      | Reached XP level 3. HP: 19/19 MP: 8/10
  1598 | D:2      | Reached skill level 5 in Conjurations
  2174 | D:2      | Reached XP level 4. HP: 24/24 MP: 9/12
  2186 | D:2      | Learned a level 4 spell: Iskenderun's Mystic Blast
  2473 | D:2      | Noticed Robin
  2477 | D:2      | Reached skill level 5 in Spellcasting
  2478 | D:2      | Killed Robin
  3398 | D:3      | Noticed lorenzova's ghost (amateur DECj)
  3431 | D:3      | HP: 1/24 [lorenzova's ghost/magic dart (5)]
  3714 | D:3      | Killed from afar by lorenzova's ghost

Skill      XL: |  1  2  3  4 |
---------------+-------------+-----
Spellcasting   | 4 5 |  5.3
Conjurations   | 5 |  5.6
Dodging        | |  2.4
Stealth        | |  2.4

Action                   |  1- 3 |  4- 6 || total
-------------------------+-------+-------++-------
 Cast: Magic Dart        |    72 |    56 ||   128
       Iskenderun's Myst |       |     2 ||     2
  Eat: Chunk             |     4 |     3 ||     7
Armor: Robe              |       |     3 ||     3
Dodge: Dodged            |     3 |     8 ||    11
       Rpst.: Falchion   |       |     1 ||     1
